 Dungeon Crawl Stone Soup version 0.18-a0-1789-gbeff17f (webtiles) character file.

3216 Ijustatesigmund the Grappler (level 9, -1/88 HPs)
             Began as a Troll Hunter on Apr 21, 2016.
             Was an Initiate of Okawaru.
             Slain by a tengu warrior
             ... wielding a +2 broad axe of electrocution
              (2 damage)
             ... on level 9 of the Dungeon.
             The game lasted 00:24:57 (7818 turns).

Ijustatesigmund the Grappler (Troll Hunter)         Turns: 7818, Time: 00:24:58

Health: -1/88      AC:  5    Str: 22    XL:     9   Next: 65%
Magic:  8/8        EV: 10    Int:  7    God:    Okawaru [......]
Gold:   308        SH:  0    Dex: 13    Spells: 2 memorised, 4 levels left

rFire  . . .     SeeInvis +       - Unarmed
rCold  . . .     Gourm    +     b - +0 robe
rNeg   . . .     Faith    .     (no shield)
rPois  .         Spirit   .     (helmet restricted)
rElec  .         Dismiss  .     (no cloak)
rCorr  .         Reflect  .     (gloves unavailable)
SustAt .         Harm     .     (boots unavailable)
MR     .....                    w - amulet of inaccuracy (curse)
Stlth  +.........               (no ring)
                                n - ring of see invisible

@: lethally poisoned (-1 -> -2), repel missiles, not resistant to hostile
enchantments, very unstealthy
A: unfitting armour, claws 3, fast metabolism 3, gourmand, regeneration 2,
shaggy fur 1, tough skin 2
a: Renounce Religion


You were on level 9 of the Dungeon.
You worshipped Okawaru.
Okawaru was noncommittal.
You were very full.

You visited 2 branches of the dungeon, and saw 10 of its levels.

You collected 379 gold pieces.
You spent 71 gold pieces at shops.

Inventory:

Missiles
 c - 8 large rocks (quivered)
 d - 4 throwing nets
Armour
 b - a +0 robe (worn)
 B - a +0 shield
Jewellery
 e - an uncursed amulet of magic regeneration
 n - a ring of see invisible (left claw)
 w - a cursed amulet of inaccuracy (around neck)
Wands
 o - a wand of polymorph (6/24)
 s - a wand of random effects (20/48)
 u - a wand of disintegration (9/24)
 y - a wand of flame (42/48)
 A - a wand of slowing (25/48)
 D - a wand of polymorph (20/24)
Scrolls
 a - 9 scrolls of teleportation
 q - 6 scrolls of identify
 r - a scroll of fear
 v - 3 scrolls of amnesia
 x - 2 scrolls of magic mapping
 z - 2 scrolls of remove curse
 G - a scroll of immolation
Potions
 g - a potion of agility
 h - a potion of lignification
 i - a potion of mutation
 j - 5 potions of curing
 l - 4 potions of haste
 C - 3 potions of magic
 E - 3 potions of flight
 F - 2 potions of cancellation
 I - 2 potions of might {unknown}
Books
 p - a book of Air

   Spells                             Type                      Level
   a - Shock                          Conjuration/Air              1
   b - Swiftness                      Charms/Air                   2
   c - Repel Missiles                 Charms/Air                   2
   d - Static Discharge               Conjuration/Air              3
   e - Lightning Bolt                 Conjuration/Air              5
Comestibles
 f - 10 bread rations
 k - a beef jerky
 m - 2 meat rations
 t - 4 fruits
 H - a slice of pizza


   Skills:
 + Level 5.3 Fighting
 - Level 3.6 Throwing
 - Level 1.5 Dodging
 - Level 0.4 Stealth
 * Level 8.7 Unarmed Combat
 - Level 4.0 Charms
 - Level 4.0 Air Magic


You had 4 spell levels left.
You knew the following spells:

 Your Spells              Type           Power        Failure   Level  Hunger
a - Repel Missiles        Chrm/Air       #.....       14%         2    ###....
b - Swiftness             Chrm/Air       #.......     14%         2    ###....


Dungeon Overview and Level Annotations

Branches:
Dungeon (9/15)             Temple (1/1) D:6
   Lair: D:8-11         Orc: D:9-12

Altars:
Ashenzari
Cheibriados
Dithmenos
Elyvilon
Fedhas
Gozag
Makhleb
Nemelex Xobeh
Okawaru
Pakellas
Qazlal
Ru
Sif Muna
Trog
Vehumet
Xom
Yredelemnul
Zin
The Shining One

Shops:
D:4 ?   D:6 }

Annotations:
D:6 Denapoli's ghost, novice TrFi


Innate Abilities, Weirdness & Mutations

You are too large for most types of armour.
You have claws for hands.
Your metabolism is lightning-fast.
You like to eat raw meat.
You heal very quickly.
You are covered in fur (AC +1).
You have very tough skin (AC +2).


Message History

Okawaru accepts your kill. The wasp barely misses you.
You miss the wasp. The wasp stings you! x2
You are poisoned.
The tengu warrior blocks your attack.
You feel sick. The wasp barely misses you.
You barely miss the tengu warrior.
The tengu warrior hits you with a broad axe of electrocution!
You are electrocuted!
The tengu warrior pecks you but does no damage.
The tengu warrior claws you. The wasp stings you but does no damage.
You miss the tengu warrior. Your claw misses the tengu warrior.
You feel sick. The wasp stings you!
You are more poisoned.
The tengu warrior hits you with a broad axe of electrocution!
* * * LOW HITPOINT WARNING * * *
You are electrocuted!
* * * LOW HITPOINT WARNING * * *
The tengu warrior pecks you.
You die...

####..#.# #.# #...
.....#.### #.#
#...####..####.#.. #.#
#..............#.# #.#
#..........#...#.# #.#
#..........#...#.# #.#
#.........<....#.###.#
#...yQ........>......#
#....@.....#.....#####
........................
###.####################
.. #. # #. #( ##


You could see a tengu warrior and a wasp.

Vanquished Creatures
  A two-headed ogre (D:8)
  A spriggan (D:7)
  The ghost of Denapoli the Cudgeler, an amateur TrBe of Trog (D:3)
  2 vampire mosquitoes (D:8)
  Menkaure (D:4)
  2 orc warriors (D:8)
  A sky beast (D:5)
  5 ogres
  2 centaurs
  A big kobold (D:9)
  A giant frog (D:6)
  A water moccasin zombie (D:6)
  4 scorpions
  A howler monkey (D:8)
  A crimson imp (D:6)
  2 jellies
  3 orc priests
  4 hounds
  4 iguanas
  4 orc wizards
  A giant frog skeleton (D:7)
  A centaur skeleton (D:4)
  Natasha (thrice) (D:4)
  2 worker ants
  A mummy (D:7)
  A howler monkey skeleton (D:6)
  3 gnolls (D:6)
  16 adders
  2 shadow imps
  2 oozes
  2 adder skeletons
  A worm (D:4)
  A dart slug (D:2)
  6 giant geckos
  25 orcs
  2 ball pythons (D:5)
  5 giant cockroaches
  8 hobgoblins
  8 jackals
  15 kobolds
  3 quokkas
  A ball python zombie (D:5)
  4 bats
  6 giant newts
  9 goblins
  2 hobgoblin zombies (D:7)
  2 orc zombies (D:7)
  9 rats
183 creatures vanquished.

Vanquished Creatures (others)
  A hound (D:5)
  An adder (D:5)
  A quokka (D:5)
  A bat (D:2)
4 creatures vanquished.

Grand Total: 187 creatures vanquished

Notes
Turn   | Place    | Note
--------------------------------------------------------------
     0 | D:1      | Ijustatesigmund the Troll Hunter began the quest for the Orb.
     0 | D:1      | Reached XP level 1. HP: 19/19 MP: 0/0
   146 | D:1      | Reached skill level 1 in Unarmed Combat
   269 | D:1      | Reached XP level 2. HP: 28/28 MP: 1/1
   742 | D:2      | Found a shadowy altar of Dithmenos.
   750 | D:2      | Reached skill level 2 in Unarmed Combat
   841 | D:2      | Reached XP level 3. HP: 30/35 MP: 2/2
  1214 | D:2      | Found a stormy altar of Qazlal.
  1523 | D:3      | Noticed Denapoli's ghost (amateur TrBe)
  1529 | D:3      | Reached XP level 4. HP: 39/44 MP: 3/3
  1673 | D:3      | Reached skill level 3 in Unarmed Combat
  1841 | D:4      | Noticed Natasha
  1847 | D:4      | Killed Natasha
  1883 | D:4      | Noticed an ogre
  1888 | D:4      | Killed an ogre
  1888 | D:4      | Reached skill level 4 in Unarmed Combat
  1888 | D:4      | Reached XP level 5. HP: 53/53 MP: 4/4
  1906 | D:4      | Noticed Menkaure
  1916 | D:4      | Killed Menkaure
  1916 | D:4      | Reached skill level 5 in Unarmed Combat
  1916 | D:4      | Reached XP level 6. HP: 35/61 MP: 5/5
  1979 | D:4      | Noticed Natasha
  1990 | D:4      | Killed Natasha
  2046 | D:4      | Noticed Natasha
  2054 | D:4      | Killed Natasha
  2185 | D:4      | Reached XP level 7. HP: 67/68 MP: 6/6
  2307 | D:4      | Reached skill level 6 in Unarmed Combat
  2420 | D:4      | Found Ylittoq's Magic Scroll Shoppe.
  2430 | D:4      | Bought a scroll of teleportation for 33 gold pieces
  2430 | D:4      | Bought a scroll of fear for 38 gold pieces
  2552 | D:5      | Entered Level 5 of the Dungeon
  2762 | D:5      | Reached skill level 7 in Unarmed Combat
  2777 | D:5      | Found a shimmering altar of Xom.
  2792 | D:5      | Found an opulent altar of Gozag.
  3029 | D:5      | Found a white marble altar of Elyvilon.
  3300 | D:6      | Reached XP level 8. HP: 39/79 MP: 7/7
  3653 | D:6      | Reached skill level 5 in Fighting
  3653 | D:6      | Reached skill level 8 in Unarmed Combat
  3814 | D:6      | Noticed Denapoli's ghost (novice TrFi)
  3974 | D:7      | Learned a level 2 spell: Repel Missiles
  3977 | D:7      | Learned a level 2 spell: Swiftness
  4128 | D:7      | Reached skill level 1 in Charms
  4128 | D:7      | Reached skill level 1 in Air Magic
  4553 | D:8      | Noticed a two-headed ogre
  4562 | D:8      | Killed a two-headed ogre
  4834 | D:7      | Reached XP level 9. HP: 88/88 MP: 8/8
  4978 | D:8      | Found a blossoming altar of Fedhas.
  5314 | D:8      | Found a sparkling altar of Nemelex Xobeh.
  5835 | D:8      | You fall through a shaft!
  5835 | D:9      | Found an oddly glowing altar of Pakellas.
  5893 | D:9      | Noticed a tengu warrior
  6117 | D:6      | Found Urov's Gadget Emporium.
  6133 | D:6      | Found a staircase to the Ecumenical Temple.
  6146 | Temple   | Entered the Ecumenical Temple
  6202 | Temple   | Became a worshipper of Warmaster Okawaru
  6667 | D:3      | Killed Denapoli's ghost
  7024 | D:3      | Found a shadowy altar of Dithmenos.
  7818 | D:9      | HP: 1/88 [tengu warrior/broad axe of electrocution (18)]
  7818 | D:9      | Slain by a tengu warrior

Vault maps used:
D:1:      lightli_arrival_noodles
D:2:      nicolae_qazlal_eye_of_the_storm, first_bread,
          nicolae_dithmenos_shadow_blocks
D:3:      lemuel_coloured_pillars_altar
D:4:      serial_shops, nicolae_shop_temple_entry_statues_fountains,
          grunt_decor_one_mirror, uniq_menkaure, uniq_natasha
D:5:      xom_confusion_cloud, overflow_temple_1_default,
          nicolae_gozag_seed_capital
D:6:      minmay_temple_entry_overgrown, serial_shops, shop_statue, st_stairs_9
D:7:      the_bakery, minmay_mini_ossuary
D:8:      fedhas_altar_2, kennysheep_mini, uniq_maurice
D:9:      lemuel_crystal_altar, old_standard_altar, lair_0_dummy, orc_0_dummy,
          minivault_20
Temple:   triangle_lava_temple_11

Skill      XL: |  1  2  3  4  5  6  7  8  9 |
---------------+----------------------------+-----
Unarmed Combat | 1 2 4 5 7 8 |  8.7
Fighting       | 2 3 4 5 |  5.3
Charms         | 2 4 |  4.0
Air Magic      | 2 4 |  4.0
Throwing       | |  3.6
Dodging        | |  1.5
Stealth        | |  0.4

Action                   |  1- 3 |  4- 6 |  7- 9 || total
-------------------------+-------+-------+-------++-------
Melee: Unarmed           |   124 |    91 |   426 ||   641
       Punch             |       |     1 |    13 ||    14
Throw: Large rock        |     2 |     4 |    18 ||    24
       Throwing net      |       |     2 |       ||     2
 Cast: Repel Missiles    |       |       |     1 ||     1
  Use: Scroll            |     9 |     1 |     8 ||    18
       Potion            |       |       |     3 ||     3
 Stab: Sleeping          |     1 |     1 |     1 ||     3
       Held in net/web   |       |     2 |       ||     2
       Distracted        |       |       |     1 ||     1
  Eat: Chunk             |    19 |     5 |    53 ||    77
Armor: Robe              |    46 |    19 |    79 ||   144
Dodge: Dodged            |    55 |    35 |   161 ||   251
       Deflected         |       |       |     1 ||     1
